Map: Abiogenesis LE

Players

chuckD

  • Race: Protoss Protoss
  • League: Silver
  • Spawn Location: 5:00

Infamous - Winner!

  • Race: Protoss Protoss
  • League: Silver
  • Spawn Location: 11:00

VOD

Have the link to the VOD?

Description

Time

  • Played on: March 10, 2018, 5 p.m.
  • Length: 5:04
Show
View Real Time Build Order
Export as new Build Order

chuckD Protoss 

Build Orders: Oracle Opening 

Get SALT Encoding   

  12  0:02  Probe  
  13  0:14  Probe  
  14  0:22  Pylon  
  14  0:26  Probe  
  15  0:40  Probe  
  15  0:41  Gateway  
  16  0:51  Assimilator  
  16  0:52  Probe  
  17  1:04  Probe  
  17  1:10  Gateway  
  18  1:16  Probe  
  19  1:28  Assimilator  
  19  1:29  Probe  
  20  1:39  Cybernetics Core  
  20  1:41  Probe  
  21  1:53  Probe  
  22  2:05  Probe  
  22  2:17  Pylon, Warp Gate  
  22  2:34  Probe  
  22  2:35  Adept (Chrono Boost)  
  22  2:36  Adept (Chrono Boost)  
  27  2:41  Stargate  
  27  2:44  Gateway  
  27  2:46  Probe  
  28  3:11  Nexus  
  28  3:21  Pylon  
  28  3:22  Probe  
  29  3:32  Stalker  
  31  3:36  Oracle (Chrono Boost)  
  34  3:42  Twilight Council  
  34  3:43  Probe  
  28  4:28  Shield Battery  
  28  4:30  Robotics Facility  
  21  4:37  Stalker  
Show
View Real Time Build Order
Export as new Build Order

Infamous Protoss - Winner!

Build Orders:  

Get SALT Encoding   

  12  0:01  Probe  
  13  0:13  Probe (Chrono Boost)  
  14  0:21  Pylon  
  14  0:25  Probe (Chrono Boost)  
  15  0:37  Probe (Chrono Boost)  
  15  0:41  Gateway  
  16  0:49  Probe  
  17  0:52  Assimilator  
  17  1:02  Probe  
  18  1:14  Probe  
  19  1:32  Probe, Cybernetics Core  
  20  1:34  Zealot  
  22  1:44  Pylon  
  22  1:50  Probe  
  22  1:54  Assimilator  
  23  1:56  Pylon  
  23  2:03  Warp Gate (Chrono Boost)  
  23  2:13  Probe (Chrono Boost)  
  24  2:19  Gateway  
  24  2:22  Gateway  
  24  2:32  Probe  
  25  2:39  Forge  
  25  2:52  Probe  
  26  3:00  Robotics Facility  
  26  3:01  Stalker  
  26  3:02  Pylon  
  27  3:32  Photon Cannon  
  27  3:37  Shield Battery  
  27  3:42  Probe  
  32  3:48  Immortal  
  32  3:58  Zealot x2  
  32  4:01  Sentry  
  34  4:13  Probe (Chrono Boost)  
  35  4:23  Probe (Chrono Boost)  
  36  4:26  Zealot x3  
  42  4:59  Gateway  
  42  5:00  Gateway  
Tags
 
Add a new tag
Caveats
  • Supply blocks, unpowered buildings, or Contaminate may cause inaccurate times.
  • Supply counts are checked every 10 seconds.